 Dungeon Crawl Stone Soup version 0.31-a0-801-gc67433417a (webtiles) character file.

Game seed: 1198381080090330400

28 GordonOverkill the Sneak (level 3, -2/23 HPs)
             Began as a Deep Elf Delver on Sept 20, 2023.
             Slain by an orc
             ... wielding a +0 club
              (4 damage)
             ... on level 5 of the Dungeon.
             The game lasted 00:01:09 (177 turns).

GordonOverkill the Sneak (Deep Elf Delver)           Turns: 177, Time: 00:01:10

Health: -2/23      AC:  3    Str:  9    XL:     3   Next: 0%
Magic:  5/5        EV: 12    Int: 14    God:
Gold:   44         SH:  5    Dex: 18    Spells: 2/2 levels left

rFire   . . .        j - +0 rapier
rCold   . . .        (no shield)
rNeg    . . .        b - +0 leather armour
rPois   +            (no helmet)
rElec   .            (no cloak)
rCorr   .            (no gloves)
SInv    .            (no boots)
Will    .....        i - amulet of reflection
Stlth   +++          k - ring of poison resistance
HPRegen 0.23/turn    (no ring)
MPRegen 0.09/turn

%: reflection
@: hasted, very quick
A: no striking features
a: no special abilities


You were on level 5 of the Dungeon.
You visited 1 branch of the dungeon, and saw 2 of its levels.

You collected 44 gold pieces.

Inventory:

Hand Weapons
 a - a +0 short sword
 j - a +0 rapier (weapon)
Armour
 b - a +0 leather armour (worn)
 l - an orb of light
Jewellery
 i - an amulet of reflection (around neck)
 k - a ring of poison resistance (left hand)
Wands
 g - a wand of digging (3)
Scrolls
 c - a scroll of fog
 d - a scroll of revelation
 h - 2 scrolls of teleportation {unknown}


   Skills:
 - Level 3.0 Fighting
 + Level 2.9 Short Blades
 - Level 2.4 Dodging
 - Level 6.0 Stealth


You had 2 spell levels left.
You didn't know any spells.
Your spell library was empty.

Dungeon Overview and Level Annotations

Branches:
Dungeon (6/15)
 Temple: D:4-7

Altars:


Message History

The orc wizard is lightly wounded.
You hear a shout!
You hit the orc wizard.
The orc wizard is heavily wounded.
The orc wizard hits you with a +0 dagger.
You barely miss the orc wizard.
The orc wizard is heavily wounded.
The orc wizard points at you and mumbles some strange words.
The magic dart hits you!
Ouch! That really hurt!
* * * LOW HITPOINT WARNING * * *
You hit the orc wizard but do no damage.
The orc wizard is heavily wounded.
You miss the orc wizard.
The orc wizard is heavily wounded.
The orc wizard closely misses you.
You hit the orc wizard.
The orc wizard is almost dead.
An orc comes into view. It is wielding a +0 club.
The orc wizard misses you.
You puncture the orc wizard!
You kill the orc wizard!
Training target 3.0 for Fighting reached!
Your Fighting skill increases to level 3!
You need to enable at least one skill for training.
You have reached level 2!
You aren't carrying any potions.
You puncture the orc!
You kill the orc!
You have reached level 3!
Your experience leads to an increase in your attributes!
Increase (S)trength, (I)ntelligence, or (D)exterity?
You feel agile. x2
Items here: )) [[ ††.
The orc hits you with a +0 club.
* * * LOW HITPOINT WARNING * * *
You barely miss the orc. You hit the orc but do no damage.
The orc hits you but does no damage.
You completely miss the orc. The orc hits you with a +0 club.
You die...

#.........>.#
#....#.#####
#.###########
##.....# #.#
##..###
#.#############
#..#
#.............#
#..#
#############.#
#... ## #.#
##.##
#...#####.# ..
#..ooo@)..#
#...####### #..
#


You could see 3 orcs.

Vanquished Creatures
  An orc wizard (D:5)
  2 orcs (D:5)
3 creatures vanquished.

Notes
Turn   | Place    | Note
-------+----------+-------------------------------------------
     0 | D:5      | GordonOverkill the Deep Elf Delver began the quest for the
                  | Orb.
     0 | D:5      | Reached XP level 1. HP: 13/13 MP: 3/3
   134 | D:6      | Noticed an ice beast
   134 | D:6      | Noticed a scorpion
   134 | D:6      | Noticed a scorpion
   162 | D:5      | Noticed an orc wizard
   171 | D:5      | Killed an orc wizard
   172 | D:5      | Reached XP level 2. HP: 4/19 MP: 4/4
   173 | D:5      | Reached XP level 3. HP: 6/23 MP: 5/5
   177 | D:5      | Slain by an orc

Illustrated notes

Levels and vault maps discovered:
D:5:      layout_loops_ring, grunt_temple_overflow_open, lemuel_round_altar,
          lightli_ossuary_entry_decrepit_ruins, uniq_menkaure
D:6:      layout_rooms, nicolae_qazlal_style_of_elements, uniq_pikel

Skill      XL: |  1 |
---------------+----+-----
Fighting       | 3 |  3.0
Short Blades   | |  2.9
Dodging        | |  2.4
Stealth        | |  6.0

Action                     || total
---------------------------++-------
  Melee: Rapier            ||    12
    Use: Scroll            ||     1
         Potion            ||     1
   Stab: Sleeping          ||     1
 Armour: Leather armour    ||     5
  Dodge: Dodged            ||     2

Table legend: (Time is in decaauts)
 A = Elapsed time spent in this place.
 B = Non-inter-level travel time spent in this place.
 C = Inter-level travel time spent in this place.
 D = Time resting spent in this place.
 E = Time spent auto-exploring this place.
 F = Levels seen in this place.
 G = Mean time per level.
                   A        B        C        D        E       F      G
               +--------+--------+--------+--------+--------+-----+--------+
         Total |    173 |    173 |      0 |      0 |      0 |   2 |   86.5 |
       Dungeon |    173 |    173 |      0 |      0 |      0 |   2 |   86.5 |
               +--------+--------+--------+--------+--------+-----+--------+

Top non-repeatable levels by time:
     D:5: 168 daAuts
     D:6: 4 daAuts
